[Event "European Rapid Championship 2021"]
[Site "Katowice"]
[Date "2021.12.18"]
[Round "3.21"]
[White "Dzierzak, Radoslaw"]
[Black "Blohberger, Felix"]
[Result "0-1"]
[ECO "B91"]
[WhiteElo "2075"]
[BlackElo "2409"]
[Annotator "ChessBase"]
[PlyCount "124"]
[EventDate "2021.12.18"]
[EventType "swiss"]
[EventCountry "POL"]
[SourceTitle "playchess.com"]
[Source "ChessBase"]
[SourceQuality "1"]
[TimeControl "900+10"]

1. e4 c5 2. Nf3 d6 3. d4 cxd4 4. Nxd4 Nf6 5. Nc3 a6 6. g3 Bd7 7. Bg2 Nc6 8. O-O e6 9. Nb3 Be7 10. a4 Na5 11. Nxa5 Qxa5 12. Qd4 O-O 13.
Bd2 Qc7 14. a5 Rac8 15. Rfd1 Bc6 16. h3 Rfd8 17. Be3 d5 18.
Bf4 Qd7 19. e5 Ne8 20. Be3 Nc7 21. Qg4 f5 22. exf6 Bxf6 23. Ne4 Bxb2 24. Nc5 Qe7 25. Rab1 Bf6 26. Nxb7 Bxb7 27. Rxb7 Rb8 28. Rdb1 Rxb7 29. Rxb7 Qd6 30. Bb6 h5 31. Qxh5 Rc8 32. Rxc7 Rxc7 33. Bxc7 Qxc7 34. Qe8+ Kh7 35. Qh5+ Kg8 36. Qe8+ Kh7 37. Qxe6 Qxa5 38. Bxd5 Qa1+ 39. Kg2 Qe5 40. Qg8+ Kh6 41. Qh8+ Kg6 42. Bc6 a5 43. Be8+ Kf5 44. Qh5+ Ke6 45. Qf7+ Kd6 46. Qd7+ Kc5 47. Qb5+ Kd4 48. Qd3+ Kc5 49. Qb5+ Kd4 50. Qa4+ Kc3 51. Bc6 Qc5 52. Be4 Qb4 53. Qa1+ Kd2 54. Qa2 Qxe4+ 55. Kh2 Bc3 56. Qf7 Kxc2 57. Qa2+ Kd1 58. Qb3+ Qc2 59. Qf7 a4 60. Kg1 Kc1 61. Qf4+ Kb2 62. Qb8+ Qb3 0-1

[Event "European Rapid Championship 2021"]
[Site "Katowice"]
[Date "2021.12.18"]
[Round "3.22"]
[White "Diermair, Andreas"]
[Black "Klepek, Witold"]
[Result "1-0"]
[ECO "D31"]
[WhiteElo "2408"]
[BlackElo "2046"]
[Annotator "NA"]
[PlyCount "61"]
[EventDate "2021.12.18"]
[EventType "swiss"]
[EventCountry "POL"]
[SourceTitle "playchess.com"]
[Source "ChessBase"]
[SourceQuality "1"]
[TimeControl "900+10"]

1. d4 d5 2. c4 e6 3. Nc3 Bb4 4. a3 Bxc3+ 5. bxc3 Nf6 6. e3 O-O 7. cxd5 exd5 8. Bd3 b6 9. Ne2 Bb7 10. O-O Nbd7 11. f3 Re8 12. Ng3 c5 13.
Ra2 Rc8 14. Re2 Nf8 15. Bb2 Ne6 16. Qd2 Qc7 17. Ree1 a6 18.
e4 Qf4 19. Qd1 Qc7 20. e5 Nd7 21. f4 b5 22. f5 Nef8 23. Qg4 Qb6 24. Kh1 b4 25. Nh5 g6 26. Qg5 bxc3 27. Bxc3 cxd4 28. Bb4 Rc6 29. Bxf8 Nxf8 30. Qh6 gxh5 31. f6 1-0

[Event "European Rapid Championship 2021"]
[Site "Katowice"]
[Date "2021.12.18"]
[Round "3.22"]
[White "Mulet, Piotr"]
[Black "Lascar, Radoslawa"]
[Result "1-0"]
[ECO "B22"]
[WhiteElo "2175"]
[BlackElo "1695"]
[Annotator "NA"]
[PlyCount "83"]
[EventDate "2021.12.18"]
[EventType "swiss"]
[EventCountry "POL"]
[SourceTitle "playchess.com"]
[Source "ChessBase"]
[SourceQuality "1"]
[TimeControl "900+10"]

1. e4 c5 2. c3 d5 3. exd5 Qxd5 4. d4 Nc6 5. Nf3 Bg4 6. Be2 cxd4 7. cxd4 e6 8. h3 Bh5 9. Nc3 Qa5 10. d5 exd5 11. Nd4 Bg6 12. O-O Nf6 13.
Bb5 Rc8 14. Re1+ Be7 15. Bg5 Kf8 16. Qe2 Qd8 17. Rad1 h6 18.
Bh4 Nxd4 19. Rxd4 Rc5 20. Bxf6 gxf6 21. Ba4 a6 22. Bb3 Bd6 23. Bxd5 Be5 24. Bxf7 Qxd4 25. Bxg6 Rg8 26. Be4 Qd7 27. Qf3 b5 28. Rd1 Qc8 29. Qe3 Bxc3 30. bxc3 Rxc3 31. Qxh6+ Rg7 32. Qxf6+ Rf7 33. Qh6+ Rg7 34. g3 Qe8 35. Qf6+ Rf7 36. Qh8+ Ke7 37. Qxc3 Qb8 38. Qc5+ Kf6 39. Rd6+ Kg7 40. Rg6+ Kh8 41. Qd4+ Kh7 42. Rb6+ 1-0

[Event "European Rapid Championship 2021"]
[Site "Katowice"]
[Date "2021.12.18"]
[Round "3.23"]
[White "Mikhaletz, Lubomir"]
[Black "Owoc, Jakub"]
[Result "1-0"]
[ECO "B12"]
[WhiteElo "2166"]
[BlackElo "1528"]
[Annotator "NA"]
[PlyCount "75"]
[EventDate "2021.12.18"]
[EventType "swiss"]
[EventCountry "POL"]
[SourceTitle "playchess.com"]
[Source "ChessBase"]
[SourceQuality "1"]
[TimeControl "900+10"]

1. e4 c6 2. d4 d5 3. e5 c5 4. c4 cxd4 5. Qxd4 e6 6. cxd5 Nc6 7. Bb5 Qxd5 8.
Qxd5 exd5 9. Nc3 Be6 10. Nf3 Bb4 11. Bd2 a6 12. Ba4 Nge7 13.
O-O O-O 14. h3 h6 15. Rfe1 Rfd8 16. Bxc6 bxc6 17. Na4 Bxd2 18.
Nxd2 d4 19. Nc5 Rd5 20. Rac1 Ng6 21. Nxe6 fxe6 22. Rxc6 Nxe5 23. Rxe6 Nd3 24. Re8+ Rxe8 25. Rxe8+ Kf7 26. Rb8 Re5 27. Rb7+ Kg8 28. Rb8+ Kf7 29. Nf3 Re2 30. Rb3 Nxb2 31. Nxd4 Rd2 32. Rb7+ Kg8 33. Nf5 Nd3 34. Rxg7+ Kf8 35. Rg6 Rxa2 36. Rxh6 Nxf2 37. Rf6+ Ke8 38. Ng7+ 1-0

[Event "European Rapid Championship 2021"]
[Site "Katowice"]
[Date "2021.12.18"]
[Round "3.23"]
[White "Kowalczyk, Mariusz"]
[Black "Gretarsson, Helgi Ass"]
[Result "1-0"]
[ECO "C47"]
[WhiteElo "2047"]
[BlackElo "2476"]
[Annotator "ChessBase"]
[PlyCount "91"]
[EventDate "2021.12.18"]
[EventType "swiss"]
[EventCountry "POL"]
[SourceTitle "playchess.com"]
[Source "ChessBase"]
[SourceQuality "1"]
[TimeControl "900+10"]

1. e4 e5 2. Nf3 Nc6 3. Nc3 Nf6 4. Bc4 Nxe4 5. Nxe4 d5 6.
Bd3 dxe4 7. Bxe4 Bd6 8. d4 exd4 9. O-O O-O 10. Bxc6 bxc6 11. Qxd4 Bf5 12. Bf4 c5 13. Qc4 Be6 14. Qa4 Qf6 15. Bxd6 cxd6 16. b3 Bd5 17. Qg4 Qc3 18. Rac1 Rae8 19. Ng5 h6 20. Qf5 hxg5 21. Qxd5 Qf6 22. Rfe1 g6 23. h3 Kg7 24. Rcd1 Qc3 25. Rxe8 Rxe8 26. Rd2 Re6 27. a4 Qa1+ 28. Kh2 Qf6 29. a5 a6 30. g3 Re1 31. Kg2 Qe7 32. b4 cxb4 33. Qd4+ Kh7 34. Qxb4 Qe6 35. Qd4 Rb1 36. Qe3 Qc4 37. Qd3 Qe6 38. Qd5 Qf6 39. Qxd6 Qa1 40. Qd4 Rg1+ 41. Kf3 Qxa5 42. Qd5 Qc3+ 43. Rd3 Qf6+ 44. Ke2 Rc1 45. Kd2 Rh1 46. Qxh1 1-0

[Event "European Rapid Championship 2021"]
[Site "Katowice"]
[Date "2021.12.18"]
[Round "3.24"]
[White "Kjartansson, Gudmundur"]
[Black "Koziorowicz, Michal"]
[Result "0-1"]
[ECO "A48"]
[WhiteElo "2402"]
[BlackElo "2041"]
[Annotator "NA"]
[PlyCount "76"]
[EventDate "2021.12.18"]
[EventType "swiss"]
[EventCountry "POL"]
[SourceTitle "playchess.com"]
[Source "ChessBase"]
[SourceQuality "1"]
[TimeControl "900+10"]

1. Nf3 g6 2. d4 Nf6 3. c4 Bg7 4. g3 O-O 5. Bg2 c6 6. O-O d5 7. b3 Bf5 8. Bb2 Nbd7 9. Nc3 Rc8 10. e3 Ne4 11. Nh4 Nxc3 12. Bxc3 Be6 13. cxd5 cxd5 14. Qd3 Nf6 15. Rfc1 Qd7 16. Bb4 Rfe8 17. a4 h6 18. Nf3 Ne4 19. Ne5 Bxe5 20. dxe5 a5 21. Ba3 Rxc1+ 22. Rxc1 Rc8 23. Rxc8+ Qxc8 24. Bxe4 dxe4 25. Qxe4 Qc3 26.
Qd4 Qxb3 27. Bxe7 Bd5 28. e4 Qb1+ 29. Kg2 Bxe4+ 30. f3 Bd3 31.
g4 Qf1+ 32. Kg3 Qe1+ 33. Kf4 g5+ 34. Bxg5 Qd2+ 35. Kg3 hxg5 36. Qd8+ Kh7 37. Qf6 Qe1+ 38. Kg2 Bf1+ 0-1

[Event "European Rapid Championship 2021"]
[Site "Katowice"]
[Date "2021.12.18"]
[Round "3.24"]
[White "Jedrusik, Adam"]
[Black "Sliwicka, Alicja"]
[Result "0-1"]
[ECO "A45"]
[WhiteElo "1769"]
[BlackElo "2303"]
[Annotator "NA"]
[PlyCount "90"]
[EventDate "2021.12.18"]
[EventType "swiss"]
[EventCountry "POL"]
[SourceTitle "playchess.com"]
[Source "ChessBase"]
[SourceQuality "1"]
[TimeControl "900+10"]

1. d4 Nf6 2. Bg5 Ne4 3. Bf4 c5 4. f3 Qa5+ 5. c3 Nf6 6. Nd2 cxd4 7. Nb3 Qb6 8. Qxd4 Qxd4 9. Nxd4 d6 10. Bg5 a6 11. e4 e6 12. Bc4 Be7 13.
Nge2 Nc6 14. O-O-O Bd7 15. Bb3 O-O 16. Kb1 Rfc8 17. Nc1 Na5 18.
Bc2 Nc4 19. Nd3 b5 20. Rhe1 Rab8 21. f4 h6 22. Bh4 g5 23. fxg5 Ng4 24. Nf3 Nge3 25. Rc1 Nxg2 26. Rg1 Nxh4 27. Nxh4 hxg5 28. Nf3 Kf8 29. Rce1 f6 30. h4 gxh4 31. Nxh4 Kf7 32. Nf4 Ne5 33. Bb3 Nc4 34. Rg2 Rg8 35. Nhg6 Bc6 36. Bc2 e5 37. Rh1 Bf8 38. Rh7+ Rg7 39. Nxf8 Rxh7 40. Nxh7 exf4 41. Rf2 Rh8 42. Rh2 Kg7 43. e5 dxe5 44. Rh4 Ne3 45. Bd3 e4 0-1

[Event "European Rapid Championship 2021"]
[Site "Katowice"]
[Date "2021.12.18"]
[Round "3.25"]
[White "Semjonovs, Ilja"]
[Black "Zapalowska, Wiktoria"]
[Result "1/2-1/2"]
[ECO "D03"]
[WhiteElo "2383"]
[BlackElo "1288"]
[Annotator "ChessBase"]
[PlyCount "156"]
[EventDate "2021.12.18"]
[EventType "swiss"]
[EventCountry "POL"]
[SourceTitle "playchess.com"]
[Source "ChessBase"]
[SourceQuality "1"]
[TimeControl "900+10"]

1. d4 d5 2. Nf3 Nf6 3. Bg5 Bf5 4. e3 e6 5. Bd3 Bxd3 6. Qxd3 Be7 7. Nbd2 O-O 8. O-O h6 9. Bh4 Nbd7 10. c3 a6 11. Rac1 c5 12. Rfd1 b5 13.
Bg3 Rc8 14. Ne5 c4 15. Qc2 Nb6 16. f4 g6 17. Bh4 Nh5 18. Bf2 Ng7 19. g4 Nd7 20. Nf1 Nxe5 21. dxe5 f6 22. exf6 Rxf6 23. Bh4 g5 24. fxg5 hxg5 25. Bg3 Bd6 26. e4 Bxg3 27. Nxg3 Qb6+ 28. Kg2 Rcf8 29. Rf1 Rxf1 30. Rxf1 Rxf1 31. Nxf1 d4 32. cxd4 Qxd4 33.
Nd2 Qe5 34. Nf3 Qf4 35. h3 Ne8 36. b3 Nd6 37. bxc4 Nxe4 38. Qe2 Qg3+ 39. Kf1 Qxh3+ 40. Ke1 Qh1+ 41. Qf1 Qxf1+ 42. Kxf1 bxc4 43. Ke2 c3 44. Kd3 Nf2+ 45. Kxc3 Nxg4 46. Nxg5 e5 47. Kb4 Kf8 48. Ka5 Nf6 49. Kxa6 e4 50. a4 Ke8 51. a5 Kd8 52. Kb7 Nd7 53.
Nxe4 Nf8 54. a6 Ne6 55. a7 Nc7 56. Nc5 Na8 57. Kb8 Nb6 58.
Na4 Na8 59. Kxa8 Kc8 60. Nc3 Kc7 61. Ne2 Kc8 62. Ng3 Kc7 63.
Nh5 Kc8 64. Nf6 Kc7 65. Ne4 Kc8 66. Nd2 Kc7 67. Nb3 Kc8 68.
Na5 Kc7 69. Nc4 Kc8 70. Nd2 Kc7 71. Nf1 Kc8 72. Nh2 Kc7 73.
Nf3 Kc8 74. Ne5 Kc7 75. Ng4 Kc8 76. Nf6 Kc7 77. Ne8+ Kc8 78.
Nc7 Kxc7 1/2-1/2

[Event "European Rapid Championship 2021"]
[Site "Katowice"]
[Date "2021.12.18"]
[Round "3.25"]
[White "Castejon Caballero, Andres"]
[Black "Wieczorek, Oskar"]
[Result "0-1"]
[ECO "B59"]
[WhiteElo "2056"]
[BlackElo "2367"]
[Annotator "ChessBase"]
[PlyCount "66"]
[EventDate "2021.12.18"]
[EventType "swiss"]
[EventCountry "POL"]
[SourceTitle "playchess.com"]
[Source "ChessBase"]
[SourceQuality "1"]
[TimeControl "900+10"]

1. e4 c5 2. Nf3 d6 3. d4 cxd4 4. Nxd4 Nf6 5. Nc3 Nc6 6. Be2 e5 7. Nb3 Be7 8. O-O O-O 9. Be3 a5 10. a4 Be6 11. Nd2 Nb4 12. Nc4 d5 13.
Bb6 Qc8 14. exd5 Nbxd5 15. Nxd5 Nxd5 16. Bxa5 Nf4 17. Nb6 Qc7 18. Nxa8 Qxa5 19. Bf3 Qxa8 20. a5 Qb8 21. Qd2 f5 22. g3 Nh3+ 23. Kg2 e4 24. Be2 f4 25. f3 Ng5 26. g4 exf3+ 27. Bxf3 Nxf3 28. Rxf3 Bxg4 29. Qd5+ Kh8 30. Rb3 f3+ 31. Kg1 f2+ 32. Kg2 Qf4 33.
Rf1 Be2 0-1

[Event "European Rapid Championship 2021"]
[Site "Katowice"]
[Date "2021.12.18"]
[Round "3.26"]
[White "Dzhuguryan, Tygran"]
[Black "Reimanis, Ritvars"]
[Result "1/2-1/2"]
[ECO "E10"]
[WhiteElo "2047"]
[BlackElo "2397"]
[Annotator "ChessBase"]
[PlyCount "117"]
[EventDate "2021.12.18"]
[EventType "swiss"]
[EventCountry "POL"]
[SourceTitle "playchess.com"]
[Source "ChessBase"]
[SourceQuality "1"]
[TimeControl "900+10"]

1. d4 Nf6 2. c4 e6 3. Nf3 d5 4. cxd5 exd5 5. Nc3 c6 6. Bg5 Nbd7 7. e3 Be7 8. Bd3 O-O 9. Qc2 Re8 10. Bf4 Nf8 11. h3 Bd6 12. Bxd6 Qxd6 13. O-O Qe7 14. Bf5 Ne4 15. Bxc8 Raxc8 16. Rac1 Nd6 17. Ne5 Ng6 18. Nxg6 hxg6 19. Na4 Nf5 20. Nc5 Rc7 21. b4 Qg5 22. Qd1 Nd6 23. Qg4 Qe7 24.
h4 b6 25. Nd3 Nc4 26. Rfe1 Qf6 27. Nf4 a6 28. a4 Qd6 29. h5 gxh5 30. Nxh5 g6 31. a5 b5 32. Qg5 Re6 33. Nf4 Re8 34. Nd3 Kg7 35.
Qf4 Qe7 36. Nc5 Ra7 37. e4 Qd8 38. e5 Qe7 39. Rc3 Rh8 40. Rf3 Rh4 41. Qf6+ Qxf6 42. Rxf6 Rxd4 43. Rxc6 Re7 44. e6 Nb2 45. Nxa6 fxe6 46. Rcxe6 Rf7 47. Re7 Rc4 48. Rxf7+ Kxf7 49. Nc5 Rxb4 50. Rb1 Rc4 51. Rxb2 Rxc5 52. a6 d4 53. a7 Rc1+ 54. Kh2 Ra1 55. Rxb5 Rxa7 56. Rd5 Ra4 57. Kg3 Ke6 58. Rd8 Ke7 59. Rd5 1/2-1/2

[Event "European Rapid Championship 2021"]
[Site "Katowice"]
[Date "2021.12.18"]
[Round "3.26"]
[White "Zabron, Maksym"]
[Black "Chojnacki, Slawomir"]
[Result "1-0"]
[ECO "D11"]
[WhiteElo "1723"]
[BlackElo "2165"]
[Annotator "NA"]
[PlyCount "98"]
[EventDate "2021.12.18"]
[EventType "swiss"]
[EventCountry "POL"]
[SourceTitle "playchess.com"]
[Source "ChessBase"]
[SourceQuality "1"]
[TimeControl "900+10"]

1. d4 c6 2. c4 d5 3. Nf3 Nf6 4. Qc2 Bg4 5. Ne5 Bh5 6. e3 e6 7. Nd2 Nbd7 8. Nxd7 Qxd7 9. Bd3 Bg6 10. O-O Bb4 11. a3 Ba5 12. b4 Bc7 13.
Bb2 O-O 14. Bxg6 hxg6 15. e4 dxe4 16. Nxe4 Nxe4 17. Qxe4 b5 18. Rac1 Rac8 19. Rfd1 bxc4 20. Rxc4 Qd5 21. Qe2 Bb6 22. Rdc1 Rfd8 23. a4 a6 24. Qc2 Rd6 25. Qb3 Rcd8 26. h3 Qe4 27. Qc2 Qf4 28. Rxc6 Bxd4 29. Bxd4 Rxd4 30. Rc8 Kh7 31. Rxd8 Rxd8 32. Rb1 Rd2 33. Qc5 Qe4 34. Rc1 Rd5 35. Qe7 Qf4 36. Rb1 g5 37. b5 Qf5 38. Qb4 axb5 39. axb5 Rd4 40. Qb3 Rd2 41. Rf1 Rd3 42. Qb4 Qd5 43. Rb1 Rd4 44. Qb3 Qb7 45.
b6 e5 46. Qc2+ g6 47. Qc5 Rd5 48. Qf8 Qd7 49. b7 g4 1-0

[Event "European Rapid Championship 2021"]
[Site "Katowice"]
[Date "2021.12.18"]
[Round "3.27"]
[White "Nasuta, Grzegorz"]
[Black "Kacprzak, Karol"]
[Result "1/2-1/2"]
[ECO "B50"]
[WhiteElo "2345"]
[BlackElo "2038"]
[Annotator "ChessBase"]
[PlyCount "186"]
[EventDate "2021.12.18"]
[EventType "swiss"]
[EventCountry "POL"]
[SourceTitle "playchess.com"]
[Source "ChessBase"]
[SourceQuality "1"]
[TimeControl "900+10"]

1. e4 c5 2. Nf3 d6 3. c3 Nf6 4. Be2 Bd7 5. d3 g6 6. O-O Bg7 7. Re1 O-O 8. Bf1 e5 9. a3 Re8 10. b4 a6 11. Nbd2 Qc7 12. d4 exd4 13. cxd4 cxd4 14. Bb2 Nc6 15. Nxd4 d5 16. Nxc6 Bxc6 17. e5 Nd7 18. f4 f6 19. e6 Nf8 20. f5 gxf5 21. Bd3 Rxe6 22. Rf1 f4 23. Qg4 Bd7 24. Bf5 Rc6 25.
Nf3 Bxf5 26. Qxf5 Qd7 27. Qxf4 Ng6 28. Qd2 f5 29. Bxg7 Kxg7 30. Nd4 Rf6 31. Rac1 f4 32. Qb2 Kg8 33. Rc2 Rf7 34. Nf3 Rc8 35. Rd2 Qf5 36. Rfd1 Rd8 37. b5 Rfd7 38. bxa6 bxa6 39. Re1 d4 40. Qb3+ Qd5 41. Qd3 Qb5 42. Red1 Qb6 43. h3 Qf6 44. Qc4+ Qf7 45. Qxa6 Qg7 46. Qc4+ Kh8 47. Rxd4 Nh4 48. Nxh4 Rxd4 49. Rxd4 Qxd4+ 50. Qxd4+ Rxd4 51. Kf2 Rd3 52. Nf3 Rxa3 53.
Ng5 Re3 54. h4 Rg3 55. Ne6 Rg4 56. h5 Rh4 57. Kf3 Rxh5 58. Nxf4 Rf5 59. Kg4 Ra5 60. Nh5 Kg8 61. Nf4 Kg7 62. Ne6+ Kf6 63. Nf4 Ra4 64. Kg3 Kf5 65. Nh3 Ra3+ 66. Kh4 Ra4+ 67. Kg3 h5 68. Ng1 Rg4+ 69. Kh3 Kf4 70. Ne2+ Kg5 71. Ng1 Rh4+ 72. Kg3 Rg4+ 73. Kh3 Ra4 74. Kg3 h4+ 75. Kh3 Ra3+ 76. Nf3+ Kh5 77. Kh2 Kg4 78. Ne5+ Kf4 79. Nf3 Kg4 80. Ne5+ Kh5 81. Nf3 Rb3 82. Ne5 Re3 83. Nf3 Kg4 84. Ng1 Re1 85. Nf3 Re2 86. Ng1 Ra2 87. Nh3 Ra1 88. Ng1 Ra2 89. Nh3 Rb2 90. Ng1 Kf4 91. Nf3 Kg4 92. Ne5+ Kf5 93. Nf3 Kg4 1/2-1/2

[Event "European Rapid Championship 2021"]
[Site "Katowice"]
[Date "2021.12.18"]
[Round "3.27"]
[White "Tsiapko, Andrii"]
[Black "Czerw, Dawid"]
[Result "0-1"]
[ECO "E04"]
[WhiteElo "1399"]
[BlackElo "2158"]
[Annotator "NA"]
[PlyCount "86"]
[EventDate "2021.12.18"]
[EventType "swiss"]
[EventCountry "POL"]
[SourceTitle "playchess.com"]
[Source "ChessBase"]
[SourceQuality "1"]
[TimeControl "900+10"]

1. d4 Nf6 2. Nf3 e6 3. c4 d5 4. g3 dxc4 5. Bg2 Bb4+ 6. Bd2 c5 7. dxc5 Bxc5 8. Qa4+ Nbd7 9. Qxc4 O-O 10. O-O b5 11. Qxb5 Rb8 12. Qd3 Rxb2 13. Bc3 Rb8 14. Nbd2 Bb7 15. Nb3 Be4 16. Qd2 Bb6 17. Rfd1 Bd5 18. Bd4 Qe7 19. Bxb6 Rxb6 20. Nfd4 Bxg2 21. Kxg2 Ne5 22. Rac1 h6 23. Qf4 Ng6 24. Qf3 Qa3 25. Rc2 a5 26. Nc5 Qxf3+ 27. Nxf3 Rc8 28. Rdc1 Rd8 29. Nd3 Nd5 30. Rc8 Rb8 31. Rxd8+ Rxd8 32. Rc5 Ra8 33. e4 Nf6 34. e5 Nd5 35. Nd2 Nb4 36. Nc1 Rd8 37. Ndb3 a4 38.
Na5 Rd2 39. a3 Nd5 40. Nc6 Ne3+ 41. Kf3 Nd1 42. Ne2 Rd3+ 43. Ke4 Nxf2# 0-1

[Event "European Rapid Championship 2021"]
[Site "Katowice"]
[Date "2021.12.18"]
[Round "3.28"]
[White "Helis, Tadeusz"]
[Black "Piatek, Szymon"]
[Result "1-0"]
[ECO "A39"]
[WhiteElo "2155"]
[BlackElo "1110"]
[Annotator "NA"]
[PlyCount "67"]
[EventDate "2021.12.18"]
[EventType "swiss"]
[EventCountry "POL"]
[SourceTitle "playchess.com"]
[Source "ChessBase"]
[SourceQuality "1"]
[TimeControl "900+10"]

1. Nf3 c5 2. c4 g6 3. g3 Bg7 4. Bg2 Nc6 5. O-O Nf6 6. Nc3 O-O 7. d4 cxd4 8.
Nxd4 Nxd4 9. Qxd4 d6 10. Bd2 a6 11. Qd3 Qc7 12. Rac1 Be6 13.
b3 Rac8 14. Rfd1 Rfd8 15. h3 Qd7 16. Kh2 Qc7 17. Be3 Bf5 18.
Qd2 Qa5 19. Bxb7 Rb8 20. Bg2 Nd7 21. Nd5 Qxd2 22. Rxd2 Kf8 23. Bg5 f6 24. Be3 Be6 25. Nc7 Bf7 26. Nxa6 Ra8 27. Bxa8 Rxa8 28. Nc7 Rc8 29. Nd5 f5 30. Nb6 Nxb6 31. Bxb6 d5 32. a4 dxc4 33. bxc4 Rxc4 34. Rd8+ 1-0

[Event "European Rapid Championship 2021"]
[Site "Katowice"]
[Date "2021.12.18"]
[Round "3.28"]
[White "Kacprzak, Kacper"]
[Black "Teclaf, Pawel"]
[Result "0-1"]
[ECO "B42"]
[WhiteElo "2042"]
[BlackElo "2345"]
[Annotator "NA"]
[PlyCount "62"]
[EventDate "2021.12.18"]
[EventType "swiss"]
[EventCountry "POL"]
[SourceTitle "playchess.com"]
[Source "ChessBase"]
[SourceQuality "1"]
[TimeControl "900+10"]

1. e4 c5 2. Nf3 e6 3. d4 cxd4 4. Nxd4 a6 5. Bd3 Nf6 6. O-O d6 7. c4 b6 8. Qe2 Bb7 9. b3 Nbd7 10. Nc3 Be7 11. Bb2 O-O 12. Rae1 Re8 13.
Bb1 Bf8 14. f4 g6 15. Nf3 Nh5 16. g3 Qc7 17. Qd2 Rad8 18. f5 exf5 19. exf5 Qc5+ 20. Nd4 Bh6 21. Qf2 Rxe1 22. Rxe1 Ne5 23. Ne4 Bxe4 24. Bxe4 Ng4 25. Qf3 Bg7 26. Rd1 Nhf6 27. Bb1 Re8 28. h3 Ne3 29. Rd2 Nxf5 30. Bxf5 gxf5 31. Qxf5 Ne4 0-1

[Event "European Rapid Championship 2021"]
[Site "Katowice"]
[Date "2021.12.18"]
[Round "3.29"]
[White "Szczurek, Krzysztof"]
[Black "Baum, Jonasz"]
[Result "0-1"]
[ECO "A45"]
[WhiteElo "2086"]
[BlackElo "2343"]
[Annotator "NA"]
[PlyCount "88"]
[EventDate "2021.12.18"]
[EventType "swiss"]
[EventCountry "POL"]
[SourceTitle "playchess.com"]
[Source "ChessBase"]
[SourceQuality "1"]
[TimeControl "900+10"]

1. d4 Nf6 2. Nc3 d5 3. Bf4 c5 4. e3 cxd4 5. exd4 a6 6. Nf3 Nc6 7. Qd2 Bf5 8. Ne5 e6 9. Be2 Bb4 10. f3 Rc8 11. a3 Bxc3 12. bxc3 Nxe5 13. Bxe5 Qa5 14. g4 Bg6 15. g5 Nd7 16. Bxg7 Rg8 17. Be5 Nxe5 18.
dxe5 Qxc3 19. Qxc3 Rxc3 20. Rb1 b5 21. a4 Bxc2 22. Kd2 d4 23.
Rb4 Bxa4 24. Rxd4 Rc2+ 25. Kd3 Rxg5 26. Rxa4 Rxe2 27. Rxa6 Rexe5 28. Rha1 Rd5+ 29. Ke3 Rge5+ 30. Kf4 Rf5+ 31. Ke4 Rde5+ 32. Kd4 Re2 33. Ra8+ Ke7 34. R1a7+ Kf6 35. Rf8 Kg7 36. Re8 Rxf3 37. h4 b4 38. Rb7 b3 39. h5 b2 40. Reb8 Rf5 41. h6+ Kxh6 42. Rg8 Rg5 43. Rf8 Rg1 44. Rfxf7 b1=Q 0-1

[Event "European Rapid Championship 2021"]
[Site "Katowice"]
[Date "2021.12.18"]
[Round "3.29"]
[White "Opala, Natalia"]
[Black "Tworzydlo, Piotr"]
[Result "0-1"]
[ECO "B13"]
[WhiteElo "1066"]
[BlackElo "2152"]
[Annotator "NA"]
[PlyCount "120"]
[EventDate "2021.12.18"]
[EventType "swiss"]
[EventCountry "POL"]
[SourceTitle "playchess.com"]
[Source "ChessBase"]
[SourceQuality "1"]
[TimeControl "900+10"]

1. e4 c6 2. d4 d5 3. exd5 cxd5 4. Bd3 Nf6 5. Bf4 Bg4 6. Nf3 e6 7. Nbd2 Nc6 8. c3 Be7 9. Qc2 Bh5 10. O-O Bg6 11. Rfe1 O-O 12. h3 Rc8 13. Bxg6 hxg6 14. a3 Ne8 15. Be5 Nd6 16. Rad1 Nf5 17. Bf4 Ncxd4 18. Nxd4 Nxd4 19. Qd3 Nc6 20. Nf3 Qb6 21. Qc2 Rfd8 22. Be3 Qa6 23. Nd4 Bf6 24. Nxc6 bxc6 25. Bf4 c5 26. Be5 Rd7 27. Bxf6 gxf6 28. c4 d4 29. Qd3 Kg7 30. Rc1 Qd6 31. Rb1 Rb8 32. Red1 e5 33. f3 Rdb7 34. Qc2 Qc6 35. Kh1 Rb3 36. Rd3 Qb7 37. Rxb3 Qxb3 38. Qxb3 Rxb3 39. Kg1 f5 40. Kf2 e4 41. Ke2 a5 42. Kd2 a4 43. Ke2 Kf6 44. Kd2 e3+ 45. Ke2 f4 46. h4 d3+ 47. Ke1 Ke5 48.
Kd1 Kd4 49. Ke1 Kxc4 50. Rc1+ Kd4 51. Rb1 c4 52. h5 gxh5 53. Kd1 h4 54. Kc1 Rb6 55. Kd1 Rg6 56. Ke1 Rxg2 57. Kf1 h3 58. Rc1 e2+ 59. Ke1 Ke3 60. Rxc4 Rg1# 0-1

[Event "European Rapid Championship 2021"]
[Site "Katowice"]
[Date "2021.12.18"]
[Round "3.30"]
[White "Piesik, Piotr"]
[Black "Smieszek, Wojciech"]
[Result "1-0"]
[ECO "A05"]
[WhiteElo "2342"]
[BlackElo "2033"]
[Annotator "ChessBase"]
[PlyCount "111"]
[EventDate "2021.12.18"]
[EventType "swiss"]
[EventCountry "POL"]
[SourceTitle "playchess.com"]
[Source "ChessBase"]
[SourceQuality "1"]
[TimeControl "900+10"]

1. Nf3 Nf6 2. g3 c5 3. Bg2 Nc6 4. O-O g6 5. c3 Bg7 6. d4 cxd4 7. cxd4 d5 8. Nc3 O-O 9. Ne5 Bf5 10. Nxc6 bxc6 11. Na4 Be4 12. f3 Bf5 13. Bf4 Qa5 14. Rc1 Rac8 15. b3 Nd7 16. Be3 e5 17. dxe5 Nxe5 18. Qd2 Qb5 19. Bxa7 Rfe8 20. Rfe1 Nc4 21. Qg5 c5 22. e4 Bd4+ 23. Kh1 Bf2 24. Re2 Bd4 25. Nc3 Bxc3 26. Rxc3 Qa5 27. Qc1 Nd6 28. Bxc5 dxe4 29. b4 Qa6 30. Rd2 exf3 31. Rxf3 Ne4 32. Ra3 Qe6 33. Re3 Qa6 34. Rde2 Qc6 35. Qe1 Qb5 36. Bxe4 Bg4 37. Rf2 Rcd8 38. Bf3 Rxe3 39. Qxe3 Re8 40. Qc3 Bh3 41. Bd5 Be6 42. Bxe6 Rxe6 43. Qf3 Re1+ 44. Kg2 Qd7 45. a4 h5 46. h4 Re5 47. Re2 Rf5 48. Qe4 Qd1 49. Rf2 Rxf2+ 50. Bxf2 Qxa4 51. Qf4 Qc6+ 52. Qf3 Qa4 53. Qe4 Qb5 54. Bd4 Qc4 55. Qe8+ Kh7 56. Qh8# 1-0

[Event "European Rapid Championship 2021"]
[Site "Katowice"]
[Date "2021.12.18"]
[Round "4.1"]
[White "Spalir, Jernej"]
[Black "Batashevs, Arsens"]
[Result "0-1"]
[ECO "A40"]
[WhiteElo "2340"]
[BlackElo "2165"]
[Annotator "NA"]
[PlyCount "100"]
[EventDate "2021.12.18"]
[EventType "swiss"]
[EventCountry "POL"]
[SourceTitle "playchess.com"]
[Source "ChessBase"]
[SourceQuality "1"]
[TimeControl "900+10"]

1. d4 g6 2. c4 Bg7 3. Nf3 d6 4. g3 c5 5. d5 Nf6 6. Nc3 Na6 7. Bg2 Nc7 8. O-O O-O 9. Qc2 a6 10. b3 b5 11. Bb2 Rb8 12. Rab1 b4 13. Nd1 Bf5 14. Qc1 Bxb1 15.
Qxb1 a5 16. e4 a4 17. Ne3 axb3 18. axb3 Ra8 19. Ne1 Nd7 20. Nd3 Qb8 21. Bh3 Ne5 22. Nxe5 Bxe5 23. Bxe5 dxe5 24. Qb2 f6 25. Bd7 Ne8 26. Nc2 Nd6 27. f3 Qc7 28. Bc6 Ra6 29. Ne1 Qa7 30. Nd3 Ra2 31. Qc1 Ra3 32. Ba4 Qa6 33. Kg2 Rc8 34. Nb2 Ra2 35. Rf2 Rc7 36. h4 Kg7 37. Rc2 Nc8 38. Qb1 Ra3 39. Nd3 Nb6 40. Bc6 Qa5 41. Qg1 Ra7 42. Nxc5 Ra2 43. Rxa2 Qxa2+ 44. Kh3 Qe2 45. Na4 Qxf3 46. Kh2 Qe2+ 47. Qg2 Qxg2+ 48. Kxg2 Nxa4 49. Bxa4 Rxa4 50. bxa4 b3 0-1